 Dungeon Crawl Stone Soup version 0.32-a0-931-g5a2cda0630 (webtiles) character file.

Game seed: 1819748488378646944

247 RBrandon the Chopper (level 5, -4/47 HPs)
             Began as a Mountain Dwarf Fighter on Apr 13, 2024.
             Slain by an ogre
             ... wielding a +0 giant spiked club
              (35 damage)
             ... on level 5 of the Dungeon.
             The game lasted 00:05:05 (3776 turns).

RBrandon the Chopper (Mountain Dwarf Fighter)       Turns: 3776, Time: 00:05:06

Health: -4/47      AC: 10    Str: 21    XL:     5   Next: 85%
Magic:  5/5        EV:  7    Int:  8    God:
Gold:   135        SH:  4    Dex:  9    Spells: 4/4 levels left

rFire   . . .        a - +0 war axe
rCold   . . .        c - +0 buckler
rNeg    . . .        f - +0 chain mail
rPois   .            (no helmet)
rElec   .            k - +0 cloak
rCorr   .            (no gloves)
SInv    .            (no boots)
Will    .....        (no amulet) Stlth
                     (no ring)
HPRegen 0.27/turn    (no ring)
MPRegen 0.09/turn

%: no passive effects
@: hasted, very quick
A: runic magic, artefact enchanting
a: no special abilities


You were on level 5 of the Dungeon.
You visited 1 branch of the dungeon, and saw 5 of its levels.

You collected 190 gold pieces.
You spent 55 gold pieces at shops.

Inventory:

Hand Weapons
 a - a +0 war axe (weapon)
Armour
 b - a +0 scale mail
 c - a +0 buckler (worn)
 f - a +0 chain mail (worn)
 k - a +0 cloak (worn)
 m - a scarf of shadows
   (You found it on level 3 of the Dungeon)
Magical Staves
 o - a staff of earth
Scrolls
 d - 3 scrolls of teleportation
 e - a scroll of amnesia {unknown}
 l - a scroll of revelation {unknown}
 n - a scroll of noise {unknown}
 p - a scroll of fear {unknown}
 q - 2 scrolls of immolation
 s - a scroll of torment {unknown}
 u - a scroll of vulnerability {unknown}
 v - a scroll of identify
Potions
 g - a potion of enlightenment
 h - 2 potions of haste
 i - a potion of degeneration
 j - a potion of brilliance
 r - 2 potions of curing
 t - 2 potions of heal wounds


   Skills:
 + Level 4.3 Fighting
 * Level 5.1 Axes
 + Level 4.3 Armour
 + Level 4.3 Shields


You had 4 spell levels left.
You didn't know any spells.
Your spell library contained the following spells:

 Spells                   Type           Power      Damage    Failure   Level
 Apportation              Tloc           0%         N/A       65%         1
 Necrotise                Necr           0%         1d4       65%         1
 Sting                    Conj/Alch      0%         1d3       65%         1
 Summon Small Mammal      Summ           0%         N/A       65%         1
 Jinxbite                 Hex            0%         N/A       78%         2
 Lesser Beckoning         Tloc           0%         N/A       78%         2
 Inner Flame              Hex/Fire       0%         N/A       95%         3
 Maxwell's Portable Pile  Tloc           0%         2d(5-13)  95%         3
 Teleport Other           Tloc           0%         N/A       95%         3
 Anguish                  Hex/Necr       0%         N/A       100%        4
 Cause Fear               Hex            0%         N/A       100%        4
 Alistair's Intoxication  Alch           0%         N/A       100%        5
 Irradiate                Conj/Alch      0%         3d11      100%        5
 Enfeeble                 Hex            0%         N/A       100%        7
 Ignition                 Fire           0%         3d3       100%        8


Dungeon Overview and Level Annotations

Branches:
Dungeon (5/15)
 Temple: D:4-7

Altars:

Shops:
D:3 !


Innate Abilities, Weirdness & Mutations

Your spellcasting is much less encumbered by armour.
You can use scrolls of enchantment on lesser artefacts.


Message History

You hit the orc.
The orc is almost dead.
The orc closely misses you. You block the orc's attack.
You hit the orc.
You kill the orc!
You barely miss the adder. The adder bites you but does no damage.
The adder bites you.
You hit the adder.
The adder is moderately wounded.
The adder bites you but does no damage. The adder closely misses you.
You hit the adder but do no damage.
The adder is moderately wounded.
You block the adder's attack. The adder bites you but does no damage.
You slash the adder!
You kill the adder!
No target in view!
Things that are here:
a +0 whip; an orc corpse
There is a stone staircase leading down here.
v - a scroll of identify You now have 135 gold pieces (gained 10).
You open the door.
There is an open door here.
An ogre comes into view. It is wielding a +0 giant spiked club.
The ogre shouts!
An ogre is nearby!
You aren't carrying any items that you can evoke.
Okay, then.
Unknown command.
Okay, then.
You feel yourself speed up.
You hit the ogre but do no damage.
The ogre hits you with a +0 giant spiked club!
You hit the ogre.
The ogre is lightly wounded.
You barely miss the ogre.
The ogre is lightly wounded.
The ogre hits you with a +0 giant spiked club!!
Ouch! That really hurt!
You die...

############# #..........<#
..####.########### #.#..#.#
#.#..#.##########
######.#..#..........#
..........#..........############
................@O..........>....
....).....#..........#######.####
g...).....#..........# #.##..
.......#.)#..........# #.##)#
.......#..#..........# #.##.#
.......#..##.........# #.##.#
.......#.............# #O##.#
.......##.##.........# #.##.#
.......##.##################.##.#


You could see an ogre.

Vanquished Creatures
  A scorpion (D:2)
  An orc wizard (D:5)
  3 gnolls
  3 adders
  A white imp (D:4)
  4 dart slugs
  2 ribbon worms
  8 orcs
  4 ball pythons
  3 bats
  5 endoplasms
  5 giant cockroaches
  4 goblins
  11 hobgoblins
  4 jackals (D:4)
  2 quokkas
  5 frilled lizards
  6 kobolds
  4 rats
76 creatures vanquished.

Notes
Turn   | Place    | Note
-------+----------+-------------------------------------------
     0 | D:1      | RBrandon the Mountain Dwarf Fighter began the quest for the
                  | Orb.
     0 | D:1      | Reached XP level 1. HP: 19/19 MP: 1/1
   321 | D:1      | Reached XP level 2. HP: 26/26 MP: 2/2
   402 | D:1      | Reached skill level 3 in Axes
   730 | D:1      | Found a faded altar of an unknown god.
   870 | D:1      | Reached XP level 3. HP: 27/31 MP: 3/3
  1331 | D:2      | You fall into a shaft and drop 2 floors!
  1712 | D:2      | Reached XP level 4. HP: 40/40 MP: 4/4
  1733 | D:2      | Noticed a scorpion
  1738 | D:2      | Killed a scorpion
  1739 | D:2      | Reached skill level 4 in Axes
  2222 | D:3      | Reached XP level 5. HP: 46/46 MP: 5/5
  2307 | D:3      | Found Dolaf's Distillery.
  2314 | D:3      | Bought a potion of heal wounds for 55 gold pieces
  3362 | D:5      | Entered Level 5 of the Dungeon
  3526 | D:5      | Reached skill level 5 in Axes
  3724 | D:5      | Noticed an ogre
  3776 | D:5      | Slain by an ogre

Illustrated notes

Levels and vault maps discovered:
D:1:      psy_arrival_basics, layout_loops_corners,
          ebering_ecumenical_altar_hall
D:2:      layout_loops_corners
D:3:      layout_loops_ring, serial_shops, shop
D:4:      layout_basic, hangedman_decor_riveting
D:5:      cheibrodos_barr_body, layout_basic, serial_shops, shop_coins

Skill      XL: |  1  2  3  4  5 |
---------------+----------------+-----
Axes           | 3 4 5 |  5.1
Fighting       | 4 |  4.3
Armour         | 4 |  4.3
Shields        | 4 |  4.3

Action                     |  1- 3 |  4- 6 || total
---------------------------+-------+-------++-------
  Melee: War axe           |   131 |   117 ||   248
    Use: Potion            |       |     2 ||     2
         Scroll            |       |     7 ||     7
 Armour: Scale mail        |    57 |       ||    57
         Chain mail        |    56 |    99 ||   155
  Dodge: Dodged            |    52 |    59 ||   111
  Block: Buckler           |    26 |    21 ||    47

Table legend: (Time is in decaauts)
 A = Elapsed time spent in this place.
 B = Non-inter-level travel time spent in this place.
 C = Inter-level travel time spent in this place.
 D = Time resting spent in this place.
 E = Time spent auto-exploring this place.
 F = Levels seen in this place.
 G = Mean time per level.
                   A        B        C        D        E       F      G
               +--------+--------+--------+--------+--------+-----+--------+
         Total |   3858 |   3743 |    115 |     13 |   2968 |   5 |  771.6 |
       Dungeon |   3858 |   3743 |    115 |     13 |   2968 |   5 |  771.6 |
               +--------+--------+--------+--------+--------+-----+--------+

Top non-repeatable levels by time:
     D:1: 1048 daAuts
     D:2: 914 daAuts
     D:4: 761 daAuts
     D:3: 712 daAuts
     D:5: 422 daAuts

Levels and vault maps discovered:
D:1:      psy_arrival_basics, layout_loops_corners,
          ebering_ecumenical_altar_hall
D:2:      layout_loops_corners
D:3:      layout_loops_ring, serial_shops, shop
D:4:      layout_basic, hangedman_decor_riveting
D:5:      cheibrodos_barr_body, layout_basic, serial_shops, shop_coins

Table legend: (Time is in decaauts)
 A = Elapsed time spent in this place.
 B = Non-inter-level travel time spent in this place.
 C = Inter-level travel time spent in this place.
 D = Time resting spent in this place.
 E = Time spent auto-exploring this place.
 F = Levels seen in this place.
 G = Mean time per level.
                   A        B        C        D        E       F      G
               +--------+--------+--------+--------+--------+-----+--------+
         Total |   3858 |   3743 |    115 |     13 |   2968 |   5 |  771.6 |
       Dungeon |   3858 |   3743 |    115 |     13 |   2968 |   5 |  771.6 |
               +--------+--------+--------+--------+--------+-----+--------+

Top non-repeatable levels by time:
     D:1: 1048 daAuts
     D:2: 914 daAuts
     D:4: 761 daAuts
     D:3: 712 daAuts
     D:5: 422 daAuts

Table legend:
 A = Kills in this place as a percentage of kills in the entire game.
 B = Kills by you in this place as a percentage of kills by you in the entire game.
 C = Kills by friends in this place as a percentage of kills by friends in the entire game.
 D = Other kills in this place as a percentage of other kills in the entire game.
 E = Experience gained in this place as a percentage of experience gained in the entire game.
 F = Experience gained in this place divided by the number of levels of this place that you have seen.
                   A       B       C       D       E      F
               +-------+-------+-------+-------+-------+----------------------
         Total | 100.0 | 100.0 |   N/A |   N/A | 100.0 |  70.8
       Dungeon | 100.0 | 100.0 |   N/A |   N/A | 100.0 |  70.8
               +-------+-------+-------+-------+-------+----------------------
